[Event "FIDE WCCC G12 2018"]
[Site "Santiago de Compostela"]
[Date "2018.11.11"]
[Round "7"]
[White "Nasibova, Narmin"]
[Black "Bravo Mallco, Kate Azumi"]
[Result "0-1"]
[ECO "D18"]
[WhiteElo "1331"]
[BlackElo "1698"]
[Annotator "NA RC"]
[PlyCount "104"]
[EventDate "2018.11.04"]
[EventType "swiss"]
[EventCountry "ESP"]
[SourceTitle "playchess.com"]
[Source "ChessBase"]
[SourceQuality "1"]
[TimeControl "40/5400+30:1800+30"]

1. d4 d5 2. c4 c6 3. Nf3 Nf6 4. Nc3 dxc4 5. a4 Bf5 6. e3 e6 7. Bxc4 Bb4 8. O-O O-O 9. Bd2 Nbd7 10. Qb3 Qb6 11. Na2 Bxd2 12. Nxd2 c5 13. dxc5 Nxc5 14. Qxb6 axb6 15. b3 Rfd8 16. Nf3 Rac8 17. Nd4 Nxa4 18. Bxe6 Bxe6 19. bxa4 Bc4 20. Rfb1 Kf8 21. h3 Nd5 22. Nb4 Nc3 23. Rb2 Rc5 24. Rc2 Ba6 25. Nxa6 bxa6 26. Rb2 Rd6 27. Kf1 Ke8 28. Rb3 Rf6 29. f3 Kd7 30. Raa3 Nd5 31. Rd3 Nb4 32. Rdb3 a5 33. Rc3 Kc7 34. Rxc5+ bxc5 35. Nb5+ Kb6 36. Ke2 Rg6 37. Kf2 c4 38. Rc3 Nd3+ 39. Kf1 Kc5 40. Na3 Nb2 41. Nc2 Rd6 42. Ra3 Rd2 43. Nd4 Kb4 44. Ra2 c3 45. Nc6+ Kb3 46. Ra1 Nc4 47. Rb1+ Ka2 48. Rc1 Kb2 49. Re1 c2 50. Nd4 Nxe3+ 51. Kg1 Rxg2+ 52. Kh1 c1=Q 0-1

[Event "FIDE WCCC G12 2018"]
[Site "Santiago de Compostela"]
[Date "2018.11.12"]
[Round "8"]
[White "Kairbekova, Amina"]
[Black "Omonova, Umida"]
[Result "0-1"]
[ECO "B36"]
[WhiteElo "1939"]
[BlackElo "1854"]
[Annotator "NA RC"]
[PlyCount "102"]
[EventDate "2018.11.04"]
[EventType "swiss"]
[EventCountry "ESP"]
[SourceTitle "playchess.com"]
[Source "ChessBase"]
[SourceQuality "1"]
[TimeControl "40/5400+30:1800+30"]

1. e4 c5 2. Nf3 Nc6 3. d4 cxd4 4. Nxd4 g6 5. c4 Nf6 6. Nc3 d6 7. Be2 Nxd4 8. Qxd4 Bg7 9. Be3 O-O 10. Qd2 {[%emt 0:05:00] LiveBook: 1418 Games} a5 {[%emt 0:01:59] B36: Sizilianisch (Maroczy-Aufbau)} 11. Rd1 (11. O-O a4 12. Bd4 Be6 13. f4 Qa5 14. Rad1 Rac8 15. b3 axb3 16. axb3 b5 17. Bxf6 Bxf6 18. Nxb5 Qxd2 19. Rxd2 Ra8 20. Nc7 Ra3 21. Nxe6 fxe6 {1-0 (58) Yu,Y (2759)-Bu,X (2718) Hangzhou 2018}) 11... Ng4 $146 ({Vorgänger:} 11... a4 12. O-O Qa5 13. Bd4 Bd7 14. Qe3 Bc6 15. Nd5 Bxd5 16. exd5 Rfe8 17. Qa3 Ne4 18. Be3 {½-½ (72) Yilmaz,M (2633)-Vocaturo,D (2615) Batumi 2018}) 12. c5 (12. Bd4 $16) 12... Nxe3 13. Qxe3 Be6 14. cxd6 exd6 15. O-O Qe7 16. Rd2 Rfd8 17. Rfd1 a4 18. Bb5 a3 (18... Rdc8 $11) 19. b3 Qc7 (19... Rac8 $11 20. Na4 h6) 20. Ne2 ({Günstiger ist} 20. Nd5 $14 Bxd5 21. Rxd5) 20... Bb2 (20... Qa5 $5 21. Bc4 Bxc4 22. bxc4 Rac8 $11) 21. Bd3 Qc5 22. Qxc5 (22. Qf3 $11 {hält das Gleichgewicht.}) 22... dxc5 23. Bc2 $2 (23. Bc4 $17 Rxd2 24. Rxd2) 23... Rxd2 24. Rxd2 c4 25. bxc4 Bxc4 26. Bb1 Rc8 27. Kf1 b5 28. Ke1 Rb8 29. Kd1 (29. Rc2 $142) 29... b4 30. Nc1 Rc8 31. Rc2 Bc3 32. Rxc3 bxc3 33. Bd3 Be6 34. Kc2 Rb8 35. Kxc3 Rb2 36. Bc2 Bxa2 37. Nd3 Rb8 38. Nb4 Be6 39. Bb1 Rc8+ 40. Kd2 Rc4 41. Na2 Rd4+ 42. Kc1 Bxa2 43. Bxa2 Rxe4 44. Kc2 Re2+ 45. Kb3 Rxf2 46. Kxa3 Rxg2 47. Bd5 Rxh2 48. Kb3 Rd2 49. Bc6 h5 $19 50. Kc3 Rd8 51. Bf3 f5 {[%emt 0:00:11] Kd4} 0-1

[Event "FIDE WCCC G12 2018"]
[Site "Santiago de Compostela"]
[Date "2018.11.12"]
[Round "8"]
[White "Vicze, Kata"]
[Black "Minaeva, Juliana"]
[Result "1/2-1/2"]
[ECO "B90"]
[WhiteElo "1828"]
[BlackElo "1608"]
[Annotator "NA RC"]
[PlyCount "126"]
[EventDate "2018.11.04"]
[EventType "swiss"]
[EventCountry "ESP"]
[SourceTitle "playchess.com"]
[Source "ChessBase"]
[SourceQuality "1"]
[TimeControl "40/5400+30:1800+30"]

1. e4 c5 2. Nf3 d6 3. d4 cxd4 4. Nxd4 Nf6 5. Nc3 a6 6. Qf3 e5 {[%emt 0:02:39] B90: Sizilianisch (Najdorf-Variante, Abweichungen)} (6... Qb6 7. Nb3 Nbd7 8. h3 Qc7 9. a4 b6 10. e5 Bb7 11. exd6 Qb8 12. Qd3 e5 13. Bg5 Bxd6 14. O-O-O {1-0 (36) Bauer,C (2630)-Bogner,S (2603) Maastricht 2017}) 7. Nf5 {[%emt 0:03:54] LiveBook: 4 Games} Bxf5 8. Qxf5 h6 $146 ({Vorgänger:} 8... Nc6 9. Be3 Qc7 10. O-O-O b5 11. g4 b4 12. Nd5 Nxd5 13. exd5 Ne7 14. Qe4 {1-0 (41) Haast,A (2371)-Paulet,I (2197) Amsterdam 2015}) 9. Bc4 Qd7 10. Qf3 Be7 11. Be3 Qc7 12. Bb3 Nbd7 13. h3 Nc5 14. Bxc5 dxc5 15. Nd5 Nxd5 16. Bxd5 O-O 17. O-O-O c4 18. Kb1 Rac8 19. g4 (19. c3 $11) 19... Bh4 20. g5 hxg5 21. Rhg1 b5 22. Rg4 c3 23. Rdg1 (23. bxc3 $17 Qb6 24. Rd3) 23... cxb2 24. Bb3 Qb6 25. Qf5 {[%emt 0:07:43] [#]} Qxf2 ({Better is} 25... Rc6 $1 $17 26. Bd5 Rf6 27. Qxe5 Qxf2 28. Qxb2 Rf3) 26. Qxe5 (26. Rxg5 $15 Qxf5 27. Rxg7+ Kh8 28. exf5) 26... Rfe8 27. Qd5 Rcd8 28. Qc6 Qd4 (28... Qf3 $19 29. Qc5 Rd2) 29. Qg6 Re7 30. Rf1 Rdd7 31. Qxa6 Re5 32. Qc8+ Rd8 33. Bxf7+ Kh8 34. Qa6 Rd6 35. Bg6 Kg8 ({Stronger than} 35... Rxa6 36. Rf8#) 36. Qa8+ Rd8 37. Qa3 Qc4 38. Bf7+ Qxf7 39. Rxf7 Kxf7 40. Qf3+ Kg8 41. Rg1 Rd4 42. Rd1 ({Weaker is} 42. Kxb2 Rb4+ 43. Kc1 Rbxe4 $18) 42... Rexe4 (42... Rxd1+ $142 43. Qxd1 Bg3 44. Kxb2 Bf4) 43. Rxd4 Rxd4 44. Qb3+ Kh7 45. Qxb5 g6 46. Qb7+ Kh6 47. Qf3 Rf4 48. Qa8 g4 49. Qh8+ Kg5 50. Qe5+ Rf5 51. Qe3+ Kh5 52. hxg4+ (52. Qe2 $142 Kh6 53. hxg4) 52... Kxg4 53. Qe2+ Kh3 54. Qe6 Bf6 55. a4 Kh2 56. Qe2+ $2 Kg1 $1 57. Qe3+ Kg2 58. Qe4+ Kg1 $2 (58... Kg3 59. Qd3+ Rf3 60. Qxg6+ Kh2 61. Qh7+ Kg3 62. Qg8+ Kh2) 59. Qg4+ Kh2 {[%emt 0:00:23] [#]} 60. Qc4 (60. c3 $1 $18 Bxc3 61. Qc4) 60... Kg2 61. Qg4+ $2 (61. c3 $18) 61... Kh2 62. Qe2+ Kg1 63. Qe3+ Kg2 $18 1/2-1/2

[Event "FIDE WCCC G12 2018"]
[Site "Santiago de Compostela"]
[Date "2018.11.12"]
[Round "8"]
[White "Zvereva, Margarita"]
[Black "Dakic, Marta"]
[Result "1/2-1/2"]
[ECO "C41"]
[WhiteElo "1787"]
[BlackElo "1756"]
[Annotator "NA RC"]
[PlyCount "83"]
[EventDate "2018.11.04"]
[EventType "swiss"]
[EventCountry "ESP"]
[SourceTitle "playchess.com"]
[Source "ChessBase"]
[SourceQuality "1"]
[TimeControl "40/5400+30:1800+30"]

1. e4 e5 2. Nf3 d6 3. Bc4 Be7 4. d3 Nf6 5. c3 O-O 6. O-O Nbd7 7. Bb3 c6 8. Re1 h6 9. h3 Re8 10. Nbd2 Bf8 11. d4 Qc7 12. c4 Qb6 13. d5 Nc5 14. Bc2 a5 15. Nb3 Nxb3 16. Bxb3 c5 17. Ba4 Bd7 18. Bxd7 Nxd7 19. a4 Qd8 20. Nh2 Qh4 21. Ra3 b6 22. Nf1 g6 23. Ng3 Rac8 24. Rf1 Rb8 25. f4 Bg7 26. Qf3 Rf8 27. f5 g5 28. Nh5 Nf6 29. Nxf6+ Bxf6 30. g4 h5 31. gxh5 Kg7 32. Rf2 Rh8 33. Qg4 Rxh5 34. Qxh4 Rxh4 35. Re2 Rbh8 36. Ree3 R8h5 37. Bd2 Rh8 38. Be1 R4h5 39. Rg3 R8h7 40. Kg2 Rh8 41. Rab3 Bd8 42. Rg4 1/2-1/2

[Event "FIDE WCCC G12 2018"]
[Site "Santiago de Compostela"]
[Date "2018.11.12"]
[Round "8"]
[White "Munkhzul, Davaakhuu"]
[Black "Voriskova, Anna"]
[Result "1-0"]
[ECO "B56"]
[WhiteElo "1781"]
[BlackElo "1601"]
[Annotator "NA RC"]
[PlyCount "69"]
[EventDate "2018.11.04"]
[EventType "swiss"]
[EventCountry "ESP"]
[SourceTitle "playchess.com"]
[Source "ChessBase"]
[SourceQuality "1"]
[TimeControl "40/5400+30:1800+30"]

1. e4 c5 2. Nf3 d6 3. d4 cxd4 4. Nxd4 Nf6 5. Nc3 Nc6 6. Nb3 e6 7. Bd3 Be7 8. Bd2 O-O 9. O-O a6 10. f4 Qc7 11. Kh1 b5 12. a3 Bb7 13. Qe2 Rac8 14. Rae1 Rfe8 15. e5 Nd7 16. exd6 Bxd6 17. Ne4 e5 18. f5 Be7 19. f6 Bxf6 20. Nxf6+ Nxf6 21. Rxf6 gxf6 22. Qg4+ Kf8 23. Bh6+ Ke7 24. Be3 Rcd8 25. Bc5+ Rd6 26. Bxh7 Qd7 27. Bf5 Qc7 28. Bxd6+ Qxd6 29. Rd1 Nd4 30. c3 Qd5 31. cxd4 Qxb3 32. dxe5 Bd5 33. exf6+ Kd6 34. Qd4 Re5 35. Qb6# 1-0

[Event "FIDE WCCC G12 2018"]
[Site "Santiago de Compostela"]
[Date "2018.11.12"]
[Round "8"]
[White "Nurmanova, Alua"]
[Black "Alimova, Dana"]
[Result "1-0"]
[ECO "B43"]
[WhiteElo "1780"]
[BlackElo "1628"]
[Annotator "NA RC"]
[PlyCount "113"]
[EventDate "2018.11.04"]
[EventType "swiss"]
[EventCountry "ESP"]
[SourceTitle "playchess.com"]
[Source "ChessBase"]
[SourceQuality "1"]
[TimeControl "40/5400+30:1800+30"]

1. e4 c5 2. Nf3 e6 3. d4 cxd4 4. Nxd4 a6 5. Nc3 Qc7 6. Qf3 Nf6 7. Qg3 Qxg3 8. hxg3 Bb4 9. Bd3 Nc6 10. Nxc6 dxc6 11. f3 b5 12. a4 Bb7 13. Be3 Nd7 14. Rh5 f6 15. f4 g6 16. Rh6 Kf7 17. Kf2 Nc5 18. Rah1 Kg7 19. Bxc5 Bxc5+ 20. Kf3 Rad8 21. g4 Bd4 22. Nd1 bxa4 23. Bc4 Rde8 24. c3 Bc5 25. Ne3 Bxe3 26. Kxe3 c5 27. R6h2 e5 28. f5 g5 29. Ra1 Bc6 30. Bxa6 Rb8 31. g3 Rb6 32. Bc4 Rbb8 33. Bd5 Bb5 34. b3 axb3 35. Ra7+ Kf8 36. Bxb3 c4 37. Ba4 h6 38. Bxb5 Rxb5 39. Rc7 Rb1 40. Rxc4 Rh7 41. Rc8+ Kg7 42. Rd2 Rb7 43. Rcd8 Re7 44. c4 Rh8 45. Rxh8 Kxh8 46. c5 Kg8 47. Rd6 Kf7 48. Kd3 Rb7 49. c6 Rb6 50. Kc4 Ke7 51. Re6+ Kf7 52. Kc5 Rb1 53. c7 Rc1+ 54. Kb6 Rb1+ 55. Kc6 Rc1+ 56. Kb7 Rb1+ 57. Rb6 1-0

[Event "FIDE WCCC G12 2018"]
[Site "Santiago de Compostela"]
[Date "2018.11.12"]
[Round "8"]
[White "Butenandt, Svenja"]
[Black "Mamardashvili, Ana"]
[Result "1-0"]
[ECO "D31"]
[WhiteElo "1775"]
[BlackElo "1527"]
[Annotator "NA RC"]
[PlyCount "129"]
[EventDate "2018.11.04"]
[EventType "swiss"]
[EventCountry "ESP"]
[SourceTitle "playchess.com"]
[Source "ChessBase"]
[SourceQuality "1"]
[TimeControl "40/5400+30:1800+30"]

1. d4 d5 2. c4 e6 3. Nc3 Be7 4. cxd5 exd5 5. Bf4 c6 6. e3 g6 7. Bd3 Nf6 8. h3 O-O 9. Nf3 b6 10. Ne5 Bb7 11. Qc2 Kg7 12. O-O-O c5 13. dxc5 bxc5 14. Bc4 Na6 15. Bxa6 Bxa6 16. Nc6 Qe8 17. Nxe7 Qxe7 18. Bg5 Qe5 19. Bxf6+ Qxf6 20. Nxd5 Qc6 21. Qc3+ f6 22. Rd2 Rf7 23. Rhd1 Re8 24. Nf4 Qa4 25. b3 Qa3+ 26. Kb1 c4 27. Rd6 cxb3 28. axb3 Rb8 29. Ne6+ Kh6 30. Nd4 Kg7 31. Qb2 Qxb2+ 32. Kxb2 Bc4 33. Rc1 Bb5 34. Ne6+ Kh6 35. Rd4 g5 36. Rb4 Rb6 37. Nd4 Bd7 38. Rxb6 axb6 39. Rc7 Be8 40. Rxf7 Bxf7 41. Nf5+ Kg6 42. Ne7+ Kg7 43. Nc8 Bd5 44. f3 b5 45. Nd6 Bc6 46. Kc3 Kg6 47. Kb4 Kh5 48. Kc5 Bd7 49. Ne4 Kg6 50. Kd6 Be8 51. Nc3 Bf7 52. Nd5 h6 53. e4 h5 54. Ke7 h4 55. b4 Kg7 56. Nxf6 Bc4 57. Nd5 Kg6 58. Kd6 Kf7 59. Ke5 Kg6 60. Kd4 Kf7 61. Ne3 Be2 62. Kc3 Ke6 63. Kd2 Bc4 64. Nxc4 bxc4 65. Kc3 {[%emt 0:00:04] Kd5} 1-0

[Event "FIDE WCCC G12 2018"]
[Site "Santiago de Compostela"]
[Date "2018.11.12"]
[Round "8"]
[White "Sevcikova, Lucia"]
[Black "Schiopu, Oana-Magdalena"]
[Result "0-1"]
[ECO "E32"]
[WhiteElo "1768"]
[BlackElo "1526"]
[Annotator "NA RC"]
[PlyCount "62"]
[EventDate "2018.11.04"]
[EventType "swiss"]
[EventCountry "ESP"]
[SourceTitle "playchess.com"]
[Source "ChessBase"]
[SourceQuality "1"]
[TimeControl "40/5400+30:1800+30"]

1. d4 Nf6 2. c4 e6 3. Nc3 Bb4 4. Qc2 O-O 5. a3 Bxc3+ 6. Qxc3 d5 7. Bg5 dxc4 8. Qxc4 b6 9. Nf3 Ba6 10. Qa4 h6 11. Bh4 Qd7 12. Qc2 Nd5 13. Ne5 Qe8 14. e4 Nf4 15. Bg3 Bxf1 16. Bxf4 Ba6 17. a4 f6 18. Nf3 Qg6 19. Bg3 c5 20. dxc5 Nc6 21. Nh4 Qh7 22. Nf3 Nb4 23. Qb1 Rfd8 24. Nd2 Bd3 25. Qc1 Nc2+ 26. Kd1 Nxa1 27. Qxa1 Bxe4 28. f3 Bc2+ 29. Ke1 Qd3 30. Nf1 Bd1 31. Kf2 Qd4+ 0-1

[Event "FIDE WCCC G12 2018"]
[Site "Santiago de Compostela"]
[Date "2018.11.12"]
[Round "8"]
[White "Savitha Shri B"]
[Black "Enkhsaran, Batsaikhan"]
[Result "1-0"]
[ECO "D11"]
[WhiteElo "1745"]
[BlackElo "1614"]
[Annotator "NA RC"]
[PlyCount "93"]
[EventDate "2018.11.04"]
[EventType "swiss"]
[EventCountry "ESP"]
[SourceTitle "playchess.com"]
[Source "ChessBase"]
[SourceQuality "1"]
[TimeControl "40/5400+30:1800+30"]

1. d4 d5 2. c4 c6 3. Nf3 Nf6 4. e3 e6 5. b3 Nbd7 6. Bb2 Bd6 7. Nbd2 O-O 8. Qc2 Qe7 9. Ne5 c5 10. Bd3 h6 11. Ndf3 b6 12. O-O Bb7 13. Qe2 dxc4 14. bxc4 Rac8 15. Rfd1 Rfd8 16. Bc2 a6 17. Nxd7 Nxd7 18. d5 e5 19. e4 Nf8 20. Bc1 Rb8 21. a4 Bc8 22. Ne1 Bd7 23. Bd3 Ng6 24. Bd2 Qe8 25. Bc2 b5 26. axb5 axb5 27. cxb5 Bxb5 28. Qf3 Rdc8 29. g3 Qe7 30. Ng2 Ra8 31. Ne3 Qc7 32. Nf5 Bf8 33. h4 Rxa1 34. Rxa1 Qd7 35. Qg4 Kh8 36. Bc3 Re8 37. f4 c4 38. h5 Ne7 39. fxe5 Nxf5 40. Qxf5 Qc7 41. Rf1 Bc5+ 42. Kh1 Bd7 43. e6 fxe6 44. Bxg7+ Kxg7 45. Qg6+ Kh8 46. Rf7 exd5 47. Rh7# 1-0

[Event "FIDE WCCC G12 2018"]
[Site "Santiago de Compostela"]
[Date "2018.11.12"]
[Round "8"]
[White "Cornileau, Juliette"]
[Black "Zhai, Pinran"]
[Result "1-0"]
[ECO "B52"]
[WhiteElo "1740"]
[BlackElo "1558"]
[Annotator "NA RC"]
[PlyCount "165"]
[EventDate "2018.11.04"]
[EventType "swiss"]
[EventCountry "ESP"]
[SourceTitle "playchess.com"]
[Source "ChessBase"]
[SourceQuality "1"]
[TimeControl "40/5400+30:1800+30"]

1. e4 c5 2. Nf3 d6 3. Bb5+ Bd7 4. Bxd7+ Qxd7 5. O-O Nc6 6. c3 Nf6 7. Qe2 e6 8. d4 Be7 9. Rd1 cxd4 10. cxd4 O-O 11. Nc3 Rad8 12. h3 a6 13. Be3 b5 14. e5 Nd5 15. Nxd5 exd5 16. Rac1 dxe5 17. Nxe5 Nxe5 18. dxe5 Qe6 19. Bd4 Rc8 20. Qd2 h6 21. b3 Rcd8 22. Rc7 Rc8 23. Rcc1 Qf5 24. Qb2 Bg5 25. Rxc8 Rxc8 26. Rf1 Qe4 27. Qa1 Rc6 28. Re1 Qf5 29. Rf1 Bf4 30. Re1 Bd2 31. Rf1 Qd3 32. Bb2 Qf5 33. Bd4 Qe4 34. Bb2 Rg6 35. g3 Qh4 36. Kh2 Bf4 37. Rg1 Qg5 38. Qd1 Bxe5 39. Bxe5 Qxe5 40. Re1 Qd6 41. Qd3 Qc5 42. Kg2 Qc6 43. Kh2 Rf6 44. Kg1 Rd6 45. Kh2 Rd8 46. Kg1 a5 47. Re7 b4 48. Qd4 Rd7 49. Re2 Qc3 50. Qg4 Rd8 51. Qf5 Qc7 52. Qd3 d4 53. Qd1 Qc6 54. Rd2 Qd6 55. Rd3 Qd5 56. Qe2 Qf5 57. Kh2 Qd5 58. Kg1 Qf5 59. Kh2 Qb5 60. Qd2 Qc5 61. Kg1 Rd6 62. Kh2 Qe5 63. Kg1 h5 64. h4 g6 65. Kf1 Kg7 66. Qd1 Qe4 67. Kg1 Kh7 68. Kh2 Rf6 69. Kg1 Rd6 70. Kh2 Qf5 71. Kg1 Qe4 72. Kh2 Kg7 73. Kg1 Kf6 74. Qd2 Rd5 75. Qd1 Ke6 76. Qd2 Rd6 77. Qd1 Kd5 78. Qc2 Rc6 79. Qd2 Rc3 80. Qg5+ Ke6 81. Rd1 d3 82. Qd8 Qd5 83. Re1+ 1-0

[Event "FIDE WCCC G12 2018"]
[Site "Santiago de Compostela"]
[Date "2018.11.12"]
[Round "8"]
[White "Francisco Guecamburu, Candela Be"]
[Black "Mahi Amit Doshi"]
[Result "1/2-1/2"]
[ECO "B13"]
[WhiteElo "1725"]
[BlackElo "1515"]
[Annotator "NA RC"]
[PlyCount "60"]
[EventDate "2018.11.04"]
[EventType "swiss"]
[EventCountry "ESP"]
[SourceTitle "playchess.com"]
[Source "ChessBase"]
[SourceQuality "1"]
[TimeControl "40/5400+30:1800+30"]

1. e4 c6 2. d4 d5 3. exd5 cxd5 4. Bf4 Nc6 5. c3 Bf5 6. Nd2 Nf6 7. Ngf3 e6 8. Nh4 Bg4 9. Qb3 Qd7 10. Nhf3 a6 11. Bd3 Be7 12. O-O O-O 13. Rfe1 Nh5 14. Be5 Bd6 15. Bxd6 Qxd6 16. Ne5 Nxe5 17. dxe5 Qe7 18. f3 Nf4 19. Qc2 Qc5+ 20. Kf1 Nxd3 21. Qxd3 Bf5 22. Qe2 Rac8 23. Rac1 Qa5 24. a3 Qa4 25. Red1 Bc2 26. Re1 d4 27. Ne4 Bxe4 28. Qxe4 Qb5+ 29. Qe2 Qxe2+ 30. Kxe2 Rc6 1/2-1/2

[Event "FIDE WCCC G12 2018"]
[Site "Santiago de Compostela"]
[Date "2018.11.12"]
[Round "8"]
[White "Boramanikar Tanisha S"]
[Black "Nadzamova, Viktoria"]
[Result "1-0"]
[ECO "B21"]
[WhiteElo "1716"]
[BlackElo "1923"]
[Annotator "NA RC"]
[PlyCount "85"]
[EventDate "2018.11.04"]
[EventType "swiss"]
[EventCountry "ESP"]
[SourceTitle "playchess.com"]
[Source "ChessBase"]
[SourceQuality "1"]
[TimeControl "40/5400+30:1800+30"]

1. e4 c5 2. d4 cxd4 3. c3 Nf6 4. e5 Nd5 5. Bc4 Qc7 6. Qe2 Nb6 7. Bd3 Nc6 8. Nf3 Nb4 (8... g6 $11) 9. O-O {[%emt 0:05:29] B22: Sicilian: 2 c3} Nxd3 10. Qxd3 {[%emt 0:00:05] LiveBook: 4 Games} d6 11. Bf4 d5 $146 (11... e6 $11) ({Predecessor:} 11... Qc4 12. Qd2 Bg4 13. Nxd4 dxe5 14. Bxe5 f6 15. Na3 Qc5 16. Bg3 e5 {0-1 (40) Tomescu,V (2390)-Hracek,Z (2635) Pardubice 1995}) 12. Rc1 e6 13. cxd4 Qd8 14. Nc3 a6 15. a4 Be7 16. b3 O-O 17. Ne2 Bd7 (17... Nd7 $11) 18. Bd2 (18. h4 $16) 18... Rc8 (18... Nc8 $11) 19. Ba5 Rxc1+ 20. Rxc1 Bc6 21. h3 h6 22. Rc2 f6 $2 (22... Re8 $16 {is a better defense.} 23. Nf4 Qc7) 23. Rc1 Be8 24. Qc3 Bc6 $2 (24... Ba3 25. exf6 Bxc1) 25. Qc2 Rf7 (25... f5 $142 26. Nf4 Kf7) 26. Nf4 fxe5 27. Nxe6 Qd6 28. Nxe5 ({Weaker is} 28. Bxb6 e4 $16) 28... Rf6 29. Nc5 ({Resist} 29. Nxc6 Qxc6 30. Qxc6 bxc6 $18) ({Weaker is} 29. Bxb6 Qxe6 30. Bc5 Bd8 $16) 29... Nc8 {[%emt 0:01:00] [#]} 30. Nxa6 $1 Bf8 31. Nxc6 bxc6 32. Bb4 Qe6 (32... Qf4 $142 33. Bxf8 Rxf8) 33. Bxf8 Kxf8 34. Nc5 Qd6 35. Qe2 Ne7 36. Re1 Rf7 37. Qe6 Qf4 (37... Qxe6 $142 38. Nxe6+ Ke8) 38. Qe3 Qf5 (38... Qxe3 $142 39. fxe3 Ke8) 39. a5 Qc2 40. Qe2 Qc3 41. a6 Qa5 42. Nb7 Qb6 $18 43. Nd6 1-0

[Event "FIDE WCCC G12 2018"]
[Site "Santiago de Compostela"]
[Date "2018.11.12"]
[Round "8"]
[White "Wang, Ellen"]
[Black "Gulieva, Karina"]
[Result "1-0"]
[ECO "B00"]
[WhiteElo "1711"]
[BlackElo "1475"]
[Annotator "NA RC"]
[PlyCount "187"]
[EventDate "2018.11.04"]
[EventType "swiss"]
[EventCountry "ESP"]
[SourceTitle "playchess.com"]
[Source "ChessBase"]
[SourceQuality "1"]
[TimeControl "40/5400+30:1800+30"]

1. e4 g6 2. d4 d6 3. Nc3 Bg7 4. Be3 Nf6 5. f3 a6 6. Qd2 O-O 7. Bh6 e5 8. d5 Nbd7 9. O-O-O b5 10. h4 Nb6 11. h5 Qe7 12. Bxg7 Kxg7 13. hxg6 fxg6 14. Bd3 Kg8 15. Nh3 Bxh3 16. Rxh3 b4 17. Ne2 a5 18. Rdh1 Nbd7 19. Qg5 Rf7 20. Ng3 Nxd5 21. Qxe7 Nxe7 22. Bc4 d5 23. exd5 Nb6 24. b3 Nexd5 25. Bxd5 Nxd5 26. Ne4 h5 27. g4 Nf4 28. R3h2 Rd8 29. gxh5 gxh5 30. Ng3 Re8 31. Nxh5 Nxh5 32. Rxh5 Rg7 33. Re1 Rge7 34. Kd2 Kf7 35. Rh6 Rd7+ 36. Ke3 Re6 37. Rh5 Ke7 38. Rg1 Kd6 39. Rgg5 Rde7 40. Ke4 Re8 41. Rf5 c6 42. Rhg5 R8e7 43. Rf8 Re8 44. Rf7 R8e7 45. Rxe7 Rxe7 46. Rf5 Re8 47. Rf7 Kc5 48. Rd7 Re6 49. Rd3 Re8 50. Kf5 Re7 51. Kf6 Re8 52. Kf7 Rh8 53. Ke6 Re8+ 54. Kf5 Re7 55. c3 Re8 56. cxb4+ axb4 57. Re3 Kd5 58. Rd3+ Kc5 59. Ke4 Kb6 60. Rd6 Kc5 61. Rf6 Re7 62. Rf5 Kd6 63. Rg5 Re8 64. Rg7 Kc5 65. Ra7 Kb6 66. Rh7 Kc5 67. Rh4 Kd6 68. Kd3 Rb8 69. Kc4 Rb5 70. Rh6+ Kd7 71. Rh7+ Kd6 72. Ra7 Rb6 73. Ra4 c5 74. Ra7 Rc6 75. Rh7 Ke6 76. Rh2 Kf5 77. Kd5 Rc8 78. Rh7 Ra8 79. Rf7+ Kg6 80. Re7 Rxa2 81. Kxc5 Kf6 82. Re8 Re2 83. Kxb4 Kf7 84. Rc8 Re3 85. Rc3 Re1 86. Kc5 Rd1 87. b4 Rd8 88. b5 Rc8+ 89. Kb4 Rxc3 90. Kxc3 Ke6 91. Kd3 Kd5 92. Ke3 Kc5 93. Ke4 Kxb5 94. Kxe5 1-0

[Event "FIDE WCCC G12 2018"]
[Site "Santiago de Compostela"]
[Date "2018.11.12"]
[Round "8"]
[White "Bravo Mallco, Kate Azumi"]
[Black "Wagner, Margarethe"]
[Result "0-1"]
[ECO "B54"]
[WhiteElo "1698"]
[BlackElo "1766"]
[Annotator "NA RC"]
[PlyCount "108"]
[EventDate "2018.11.04"]
[EventType "swiss"]
[EventCountry "ESP"]
[SourceTitle "playchess.com"]
[Source "ChessBase"]
[SourceQuality "1"]
[TimeControl "40/5400+30:1800+30"]

1. e4 c5 2. Nf3 d6 3. d4 cxd4 4. Nxd4 Nf6 5. f3 a6 6. c4 e5 7. Nc2 Be6 8. Nc3 Be7 9. Be3 Nbd7 10. Qd2 Rc8 11. Nd5 Bxd5 12. cxd5 Nc5 13. Be2 Nh5 14. O-O O-O 15. Rfc1 f5 16. exf5 Rxf5 17. g4 Rg5 18. Kh1 Nf4 19. Bxf4 exf4 20. Qxf4 Re5 21. Bf1 Bg5 22. Qb4 Bxc1 23. Rxc1 Qf6 24. Kg2 Rf8 25. Qa3 Qf4 26. Rd1 Rfe8 27. Nd4 Re3 28. Qa5 h5 29. h3 h4 30. Qd2 Qg3+ 31. Kh1 Re1 32. Rxe1 Rxe1 33. Qg2 Qxg2+ 34. Kxg2 g6 35. b4 Na4 36. b5 Rd1 37. Nb3 axb5 38. Bxb5 Nc3 39. Be8 Nxd5 40. Na5 Nf4+ 41. Kh2 Rd2+ 42. Kh1 Rxa2 43. Nxb7 d5 44. Nd6 Kg7 45. Bb5 d4 46. Bc4 Ra1+ 47. Kh2 d3 48. Ne4 Rb1 49. Nf2 d2 50. Bb3 Rxb3 51. Nd1 Rb1 52. Nc3 d1=Q 53. Nxd1 Rxd1 54. g5 Rd2+ 0-1

[Event "FIDE WCCC G12 2018"]
[Site "Santiago de Compostela"]
[Date "2018.11.12"]
[Round "8"]
[White "Denic, Hana"]
[Black "Hernandez Tellez, Claudia"]
[Result "1-0"]
[ECO "B34"]
[WhiteElo "1636"]
[BlackElo "1721"]
[Annotator "NA RC"]
[PlyCount "113"]
[EventDate "2018.11.04"]
[EventType "swiss"]
[EventCountry "ESP"]
[SourceTitle "playchess.com"]
[Source "ChessBase"]
[SourceQuality "1"]
[TimeControl "40/5400+30:1800+30"]

1. e4 c5 2. Nf3 Nc6 3. d4 cxd4 4. Nxd4 g6 5. Nc3 Bg7 6. Nb3 Nf6 7. Bg5 O-O 8. Qd2 d6 9. O-O-O Be6 10. f3 a6 11. Kb1 b5 12. g4 Rc8 13. h4 Bxb3 14. axb3 Nb4 15. Bxf6 Bxf6 16. Nd5 Nxd5 17. Qxd5 Rc5 18. Qd2 Bg7 19. b4 Rc8 20. h5 h6 21. g5 hxg5 22. Qxg5 e6 23. Qe3 Qf6 24. c3 Rc6 25. h6 Rfc8 26. hxg7 Qxg7 27. Qh6 Qxh6 28. Rxh6 Kg7 29. Rh2 f5 30. Re2 Rh8 31. exf5 exf5 32. Red2 Rh1 33. Kc2 Rb6 34. b3 Rg1 35. Bg2 Rxd1 36. Rxd1 Kf6 37. Kd3 Rb8 38. Kd4 Rh8 39. c4 Rh2 40. Bf1 bxc4 41. bxc4 Ke7 42. Ra1 Rf2 43. Ke3 Rb2 44. b5 axb5 45. cxb5 Rb3+ 46. Kf4 Kd8 47. Ra8+ Kc7 48. Ra7+ Kb6 49. Ra6+ Kc7 50. Rc6+ Kd7 51. Rc2 Ke7 52. Rc7+ Kd8 53. Rg7 Rb1 54. Bd3 Rb3 55. Ke3 d5 56. Rxg6 f4+ 57. Kd4 1-0

[Event "FIDE WCCC G12 2018"]
[Site "Santiago de Compostela"]
[Date "2018.11.12"]
[Round "8"]
[White "Zavivaeva, Emilia"]
[Black "Mihelic, Vesna"]
[Result "1/2-1/2"]
[ECO "C75"]
[WhiteElo "1633"]
[BlackElo "1741"]
[Annotator "NA RC"]
[PlyCount "88"]
[EventDate "2018.11.04"]
[EventType "swiss"]
[EventCountry "ESP"]
[SourceTitle "playchess.com"]
[Source "ChessBase"]
[SourceQuality "1"]
[TimeControl "40/5400+30:1800+30"]

1. e4 e5 2. Nf3 Nc6 3. Bb5 a6 4. Ba4 d6 5. c3 Bd7 6. d4 Nge7 7. O-O Ng6 8. Be3 Be7 9. c4 O-O 10. d5 Nb8 11. Bc2 f5 12. exf5 Bxf5 13. Bxf5 Rxf5 14. Nc3 Nf4 15. Qc2 Qf8 16. Bxf4 Rxf4 17. Ne2 Rg4 18. h3 Rg6 19. Ng3 Nd7 20. Rae1 a5 21. a3 a4 22. Nd2 Nc5 23. Nge4 Qf5 24. Qc3 Nxe4 25. Nxe4 Bh4 26. c5 Rf8 27. Re3 Kh8 28. Kh1 Qd7 29. Qb4 Be7 30. Nc3 Rgf6 31. Qxa4 Qxa4 32. Nxa4 Rxf2 33. Rxf2 Rxf2 34. Rb3 dxc5 35. Rxb7 Bd6 36. Rb8+ Rf8 37. Rxf8+ Bxf8 38. Nc3 c4 39. g4 Kg8 40. Nb5 Kf7 41. Nxc7 Bxa3 42. Nb5 Bxb2 43. Nd6+ Kf6 44. Nxc4 Bd4 1/2-1/2